 Dungeon Crawl Stone Soup version 0.28-a0-1555-g9ae15a6949 (webtiles) character file.

Game seed: 6565918962505626607

21 ytrimaz the Skirmisher (level 2, -1/36 HPs)
             Began as a Demonspawn Berserker on Jan 18, 2022.
             Was a Follower of Trog.
             Slain by an adder (4 damage)
             ... on level 2 of the Dungeon.
             The game lasted 00:00:40 (490 turns).

ytrimaz the Skirmisher (Demonspawn Berserker)        Turns: 490, Time: 00:00:40

Health: -1/36      AC:  2    Str: 17    XL:     2   Next: 65%
Magic:  2/2        EV: 12    Int:  8    God:    Trog [*.....]
Gold:   0          SH:  0    Dex: 12    Spells: 1/1 levels left

rFire   . . .      SeeInvis .   a - +0 hand axe
rCold   . . .      Faith    .   (no shield)
rNeg    . . .      Spirit   .   b - +0 animal skin
rPois   .          Reflect  .   (no helmet)
rElec   .          Harm     .   (no cloak)
rCorr   .          Rampage  .   (no gloves)
Will    .....                   (no boots)
Stlth   ..........              (no amulet)
HPRegen 0.12/turn               (no ring)
MPRegen 0.16/turn               (no ring)

@: berserking, hasted, very quick
A: magic regeneration
a: Renounce Religion, Berserk


You were on level 2 of the Dungeon.
You worshipped Trog.
Trog was aware of your devotion.
You visited 1 branch of the dungeon, and saw 2 of its levels.

Inventory:

Hand Weapons
 a - a +0 hand axe (weapon)
Missiles
 c - 2 boomerangs (quivered)
Armour
 b - a +0 animal skin (worn)


   Skills:
 + Level 3.3 Fighting
 + Level 3.0 Axes
 * Level 2.0 Armour
 * Level 2.1 Dodging


You had one spell level left.
You didn't know any spells.
Your spell library was empty.

Dungeon Overview and Level Annotations

Branches:
Dungeon (1/15)

Altars:

Shops:
D:1 [


Innate Abilities, Weirdness & Mutations

You regenerate magic rapidly.


Message History

Unknown command.
You start resting.
A kobold comes into view. It is wielding a +0 dagger.
A kobold is nearby!
A kobold is nearby!
A kobold is nearby! 3 jackals come into view.
The jackal barks! x3; You hear an angry hiss.
You hear a shout!
You hear an angry hiss.
The jackal barely misses you.
An adder comes into view.
The jackal bites you.
* * * LOW HITPOINT WARNING * * *
You see here 11 gold pieces.
It was a potion of haste.
You feel yourself speed up. The jackal bites you.
* * * LOW HITPOINT WARNING * * *
Unknown command.
Okay, then.
Unknown command.
You aren't carrying any potions.
As you read the scroll labelled QOUBOU CAOSTRAN, it crumbles to dust.
You assume a fearsome visage.
The adder looks frightened!
The jackal looks frightened!
It was a scroll of fear.
Cornered, the adder turns to fight!
A red film seems to cover your vision as you go berserk!
You feel yourself moving faster!
You feel mighty!
You slash the jackal!
You kill the jackal!
Trog accepts your kill.
A goblin comes into view. It is wielding a +0 club.
You slash the adder!
The adder is almost dead.
The adder misses you.
You barely miss the adder.
The adder is almost dead.
The adder closely misses you.
You closely miss the adder.
The adder is almost dead.
You hit the jackal. The adder bites you.
You die...

#########
#(#.#.$.#
##.#.g#h.#
#+##.#).###hS#
#.###..## #.h#
#..#hS## #..#
#######...@## ..#
.........#..## .#
.#.##....##..## #
#.....#.#..#
#..#..##.#..#
.....#..#.#.#...#
.#.......##
###### ####.#.##
#.#.#


You could see an adder, a jackal and a goblin.

Vanquished Creatures
  A dart slug (D:1)
  A ball python (D:2)
  An endoplasm (D:1)
  2 giant cockroaches (D:1)
  3 goblins (D:1)
  3 hobgoblins (D:1)
  A jackal (D:2)
  2 bats
  A frilled lizard (D:2)
  A kobold (D:2)
  A rat (D:1)
17 creatures vanquished.

Notes
Turn   | Place    | Note
-------+----------+-------------------------------------------
     0 | D:1      | ytrimaz the Demonspawn Berserker began the quest for the
                  | Orb.
     0 | D:1      | Reached XP level 1. HP: 18/18 MP: 1/1
    30 | D:1      | Found Fujyalom's Armour Emporium.
   296 | D:1      | Gained mutation: You regenerate magic rapidly. [demonic
                  | ancestry]
   296 | D:1      | Reached XP level 2. HP: 23/24 MP: 2/2
   390 | D:1      | You fall into a shaft and drop 1 floor!
   490 | D:2      | Slain by an adder

Illustrated notes

Levels and vault maps discovered:
D:1:      elethiomel_arrival_quiet, layout_basic, serial_shops,
          nicolae_diamond_shop, nicolae_square_shop,
          nicolae_shop_hallway_stairs,
          nicolae_shop_temple_entry_statues_fountains, shop
D:2:      minmay_diamond_boxcup, layout_loops_corners

Skill      XL: |  1  2 |
---------------+-------+-----
Dodging        | 2 |  2.1
Axes           | 3 |  3.0
Armour         | 2 |  2.0
Fighting       | |  3.3

Action                   || total
-------------------------++-------
Melee: Hand axe          ||    48
       Punch             ||     1
Invok: Berserk           ||     1
  Use: Scroll            ||     1
       Potion            ||     1
Armor: Animal skin       ||    11
Dodge: Dodged            ||    29

Table legend: (Time is in decaauts)
 A = Elapsed time spent in this place.
 B = Non-inter-level travel time spent in this place.
 C = Inter-level travel time spent in this place.
 D = Time resting spent in this place.
 E = Time spent auto-exploring this place.
 F = Levels seen in this place.
 G = Mean time per level.
                   A        B        C        D        E       F      G
               +--------+--------+--------+--------+--------+-----+--------+
         Total |    493 |    493 |      0 |     35 |    353 |   2 |  246.5 |
       Dungeon |    493 |    493 |      0 |     35 |    353 |   2 |  246.5 |
               +--------+--------+--------+--------+--------+-----+--------+

Top non-repeatable levels by time:
     D:1: 394 daAuts
     D:2: 99 daAuts
